 Dungeon Crawl Stone Soup version 0.21.1-1-g345015fe64 (webtiles) character file.

358 Peloso the Covered (level 6, -5/57 HPs)
             Began as a Deep Dwarf Fighter on June 22, 2018.
             Slain by an ogre
             ... wielding a +0 giant club
              (6 damage)
             ... on level 4 of the Dungeon.
             The game lasted 00:06:49 (2920 turns).

Peloso the Covered (Deep Dwarf Fighter)             Turns: 2920, Time: 00:06:50

Health: -5/57      AC:  8    Str: 26    XL:     6   Next: 37%
Magic:  5/5        EV:  9    Int:  9    God:
Gold:   222        SH: 11    Dex: 12    Spells: 5/5 levels left

rFire    . . .     SeeInvis .   a - +1 long sword
rCold    . . .     Gourm    .   c - +1 shield
rNeg     . . .     Faith    .   b - +0 scale mail
rPois    .         Spirit   .   (no helmet)
rElec    .         Reflect  .   (no cloak)
rCorr    .         Harm     .   n - +0 pair of gloves
MR       .....                  (no boots)
Stlth    ..........             (no amulet)
HPRegen  0.00/turn              (no ring)
MPRegen  0.09/turn              (no ring)

@: mighty, non-regenerating
A: damage resistance, heal wounds, sense surroundings 1, no regeneration
a: Heal Wounds


You were on level 4 of the Dungeon.
You were not hungry.

You visited 1 branch of the dungeon, and saw 4 of its levels.

You collected 222 gold pieces.

Inventory:

Hand Weapons
 a - a +1 long sword (weapon)
Missiles
 l - 45 bolts
Armour
 b - a +0 scale mail (worn)
 c - a +1 shield (worn)
 n - a +0 pair of gloves (worn)
 s - a scarf of spirit shield
Scrolls
 e - a scroll of amnesia
 g - 2 scrolls of remove curse
 h - a scroll of identify
 i - 2 scrolls of enchant weapon
 k - a scroll of teleportation
 m - 2 scrolls of enchant armour
 q - a scroll of immolation {unknown}
Potions
 j - 2 potions of curing
 o - a potion of degeneration {unknown}
 p - a potion of lignification {unknown}
Comestibles
 d - 2 chunks of flesh
 f - 10 rations


   Skills:
 + Level 3.7 Fighting
 + Level 3.9 Long Blades
 + Level 4.7 Armour
 + Level 2.0 Dodging
 + Level 0.1 Stealth
 + Level 4.6 Shields


You had 5 spell levels left.
You didn't know any spells.

Dungeon Overview and Level Annotations

Branches:
Dungeon (4/15)
 Temple: D:4-7

Altars:
Ru
The Shining One


Innate Abilities, Weirdness & Mutations

You are resistant to damage.
You can heal yourself by infusing magical energy.
You passively map a small area around you.
You do not regenerate.


Message History

Found 12 stones.
Found 20 gold pieces.
You now have 222 gold pieces (gained 10).
An ogre comes into view. It is wielding a giant club.
The ogre shouts!
An ogre comes into view. It is wielding a giant spiked club.
The ogre shouts!
Found 18 gold pieces.
The ogre closely misses you.
You closely miss the ogre. The ogre barely misses you.
The ogre hits you with a giant club!!
* * * LOW HITPOINT WARNING * * *
You barely miss the ogre. You block the ogre's attack.
The ogre closely misses you.
You slice the ogre!!
The ogre is almost dead.
The ogre hits you with a giant spiked club.
* * * LOW HITPOINT WARNING * * *
The ogre hits you with a giant club!
You die...

.........##...##
,*##.####........#
, *,
*#######''#######
⌠⌠⌠⌠⌠⌠⌠..⌠⌠⌠⌠⌠⌠⌠*
,*⌠..............⌠
* ⌠.⌠##⌠....⌠##⌠.⌠
* * ⌠. ##....##*
.⌠ , , * ##....##
,⌠ #⌠..@.⌠# ⌠ * *
.......OO.....⌠
......(%......$ *
......$$.......
..............⌠
.⌠##⌠....⌠##⌠.⌠* *
.# ##...$##*#.⌠ ⌠
#....# .⌠ , ⌠ , *


You could see 2 ogres.

Vanquished Creatures
  An ogre (D:4)
  2 orc wizards (D:3)
  Jessica (D:2)
  7 adders
  3 gnolls (D:3)
  2 worms (D:3)
  2 dart slugs
  3 leopard geckos
  7 orcs (D:3)
  4 ball pythons
  4 giant cockroaches
  7 goblins
  7 hobgoblins
  4 jackals (D:3)
  8 kobolds
  A quokka (D:2)
  7 bats
  5 frilled lizards
  10 rats
85 creatures vanquished.

Vanquished Creatures (others)
  A plant (D:1)
1 creature vanquished.

Grand Total: 86 creatures vanquished

Notes
Turn   | Place    | Note
-------+----------+-------------------------------------------
     0 | D:1      | Peloso the Deep Dwarf Fighter began the quest for the Orb.
     0 | D:1      | Reached XP level 1. HP: 20/20 MP: 1/1
   139 | D:1      | Reached XP level 2. HP: 24/27 MP: 2/2
   640 | D:1      | Reached XP level 3. HP: 17/33 MP: 3/3
   874 | D:2      | Reached skill level 1 in Dodging
  1227 | D:2      | Found a glowing golden altar of the Shining One.
  1284 | D:2      | Reached XP level 4. HP: 17/40 MP: 4/4
  1418 | D:2      | Found a sacrificial altar of Ru.
  1492 | D:2      | Noticed Jessica
  1501 | D:2      | Killed Jessica
  1858 | D:3      | Reached XP level 5. HP: 29/49 MP: 4/4
  2681 | D:3      | Reached XP level 6. HP: 35/56 MP: 0/5
  2920 | D:4      | HP: 1/57 [ogre/giant spiked club (4)]
  2920 | D:4      | Slain by an ogre

Skill      XL: |  1  2  3  4  5  6 |
---------------+-------------------+-----
Dodging        | 1 2 |  2.0
Shields        | 4 |  4.6
Fighting       | 3 |  3.7
Long Blades    | 3 |  3.9
Armour         | 4 |  4.7
Stealth        | |  0.1

Action                   |  1- 3 |  4- 6 || total
-------------------------+-------+-------++-------
Melee: Long sword        |   148 |   190 ||   338
 Abil: Heal Wounds       |       |     3 ||     3
  Use: Scroll            |       |     7 ||     7
       Potion            |       |     1 ||     1
  Eat: Chunk             |     2 |     5 ||     7
Armor: Scale mail        |    71 |    67 ||   138
Dodge: Dodged            |    44 |    61 ||   105
Block: Shield            |   107 |   124 ||   231
       Rpst.: Long sword |    12 |    16 ||    28
